 Dungeon Crawl Stone Soup version 0.23.2-1-ga50397a (webtiles) character file.

Game seed: 16185179485125237105

37632 shadizar the Fighter (level 13, 0/88 HPs)
             Began as a Gargoyle Fighter on May 24, 2019.
             Was an Elder of the Shining One.
             Slain by a hog (13 damage)
             ... led by Kirke
             ... on level 5 of the Lair of Beasts.
             The game lasted 00:30:02 (13271 turns).

shadizar the Fighter (Gargoyle Fighter)            Turns: 13271, Time: 00:30:02

Health: 0/88       AC:  0    Str: 26    XL:     13   Next: 97%
Magic:  17/17      EV: 18    Int:  8    God:    the Shining One [****..]
Gold:   1215       SH:  0    Dex:  9    Spells: 12/12 levels left

rFire    . . .     SeeInvis .   (weapon currently unavailable)
rCold    . . .     Gourm    .   (shield currently unavailable)
rNeg     + + +     Faith    .   (armour currently unavailable)
rPois    ∞         Spirit   .   (helmet currently unavailable)
rElec    .         Reflect  .   (cloak currently unavailable)
rCorr    .         Harm     .   (gloves currently unavailable)
MR       .....                  (boots currently unavailable)
Stlth    +.........             r - amulet of regeneration
HPRegen  0.64/turn              (ring currently unavailable)
MPRegen  0.15/turn              (ring currently unavailable)

@: pig-form, slowed, glowing
A: small, negative energy resistance 1, petrification resistance, rot immunity,
AC +9
a: Divine Shield, Cleansing Flame, Renounce Religion


You were on level 5 of the Lair of Beasts.
You worshipped the Shining One.
The Shining One was greatly pleased with you.
You were not hungry.
You were a filthy swine.
You visited 3 branches of the dungeon, and saw 18 of its levels.
You also visited: Sewer and Ice Cave.

You collected 1215 gold pieces.

Inventory:

Hand Weapons
 a - a +0 mace of holy wrath
 d - a +2 mace of crushing (melded)
 l - a +0 battleaxe of venom
 U - a +0 war axe of chopping
Armour
 b - a +0 plate armour
 c - a +0 shield (melded)
 u - a +0 helmet
 x - a +0 cloak (melded)
 K - the +5 robe of Night {Dark MR+ SInv}
   (You found it in an ice cave)

   It affects your resistance to hostile enchantments.
   It lets you see invisible.
 L - a +1 pair of gloves (melded)
 N - the +3 robe of Xuntac {rElec Int+4 Stlth+}
   (You found it on level 7 of the Dungeon)

   It affects your intelligence (+4).
   It insulates you from electricity.
   It makes you more stealthy.
 P - a +1 chain mail of fire resistance (melded)
 S - a +0 animal skin of cold resistance
 T - a +2 hat (melded)
Jewellery
 r - an amulet of regeneration (around neck)
 s - a +1 ring of evasion (melded)
 z - a +2 ring of protection {unknown}
 F - a ring of Tixtueh (melded) {rCorr *Corrode +Blink Int+4 Dex+10}
   (You found it on level 6 of the Dungeon)

   [ring of resist corrosion]

   It affects your intelligence (+4).
   It affects your dexterity (+10).
   It lets you blink.
   It may corrode you when you take damage.
 J - an uncursed amulet of magic regeneration {unknown}
 M - an uncursed ring of protection from magic {unknown}
 Q - an uncursed ring of protection from cold {unknown}
 R - an uncursed ring of protection from cold {unknown}
Wands
 i - a wand of polymorph (15)
 C - a wand of iceblast (8)
 D - a wand of disintegration (15)
 H - a wand of flame (37)
Scrolls
 e - 4 scrolls of magic mapping
 g - 5 scrolls of teleportation
 j - 5 scrolls of identify
 p - 15 scrolls of remove curse
 q - 7 scrolls of fog
 t - 4 scrolls of fear
 y - 6 scrolls of amnesia
 G - a scroll of blinking
Potions
 h - 2 potions of invisibility {unknown}
 k - 3 potions of flight
 n - 2 potions of mutation {unknown}
 o - 3 potions of magic {unknown}
 v - 2 potions of cancellation {unknown}
 w - 4 potions of berserk rage
 A - 2 potions of resistance
 B - 4 potions of curing
 E - 4 potions of ambrosia
 I - 2 potions of haste
 O - a potion of might
Comestibles
 f - 30 rations
 m - 2 chunks of flesh


   Skills:
 * Level 13.0 Fighting
 + Level 10.1 Maces & Flails
 + Level 11.1 Armour
 + Level 8.2 Dodging
 + Level 11.2 Shields
 - Level 5.4 Invocations
 - Level 4.0 Evocations


You had 12 spell levels left.
You didn't know any spells.
Your spell library contained the following spells:

 Spells                   Type           Power        Failure   Level  Hunger
 Confusing Touch          Hex            #.....       41%         1    ##.....
 Corona                   Hex            #......      41%         1    ##.....
 Ensorcelled Hibernation  Hex/Ice        #.....       54%         2    ###....
 Confuse                  Hex            #.......     78%         3    ####...
 Dazzling Spray           Conj/Hex       #.....       78%         3    ####...
 Gell's Gravitas          Tloc           #.........   78%         3    ####...
 Tukima's Dance           Hex            #.......     78%         3    ####...
 Ice Form                 Ice/Tmut       #.......     99%         4    #####..
 Petrify                  Tmut/Erth      #.......     99%         4    #####..
 Metabolic Englaciation   Hex/Ice        #.........   100%        5    ######.
 Yara's Violent Unravell  Hex/Tmut       #.........   100%        5    ######.
 Bolt of Cold             Conj/Ice       #.........   100%        6    #######
 Freezing Cloud           Conj/Ice/Air   #.........   100%        6    #######
 Ozocubu's Refrigeration  Ice            #.........   100%        6    #######
 Simulacrum               Ice/Necr       #.........   100%        6    #######


Dungeon Overview and Level Annotations

Branches:
Dungeon (11/15)            Temple (1/1) D:6            Lair (6/6) D:10
 Shoals (0/4) Lair:3        Snake (0/4) Lair:3        Slime (0/5) Lair:5
    Orc (0/2) D:11

Altars:
Ashenzari
Cheibriados
Dithmenos
Elyvilon
Fedhas
Gozag
Hepliaklqana
Kikubaaqudgha
Makhleb
Nemelex Xobeh
Okawaru
Qazlal
Ru
Sif Muna
Trog
Uskayaw
Vehumet
Wu Jian
Xom
Yredelemnul
Zin
The Shining One
Jiyva

Annotations:
D:5 exclusion: oklob plant
Lair:5 Kirke


Innate Abilities, Weirdness & Mutations

You are resistant to torment.
((Your stone body is resilient. (AC +9)))
You are immune to poison.
You resist negative energy. (rN+)
((You are resistant to electric shocks. (rElec)))
((You can survive without breathing.))
You are immune to petrification.
You are immune to rotting.


Message History

Kirke is almost dead.
Kirke hits you. The hog bites you! The hog misses you.
The hog completely misses you. Kirke hits you!
* * * LOW HITPOINT WARNING * * *
The hog completely misses you. The hog bites you!
* * * LOW HITPOINT WARNING * * *
You are too injured to fight recklessly!
Unknown command.
The hog completely misses you.
Kirke points at you and mumbles some strange words.
You feel a momentary urge to oink.
Your divine shield fades away.
The hog barely misses you. The hog misses you. The hog completely misses you.
Kirke points at you and mumbles some strange words.
You struggle to resist.
The hog bites the fungus.
Found a viscous altar of Jiyva.
Kirke casts a spell.
Kirke flickers and vanishes for a moment.
The hog bites you!
You die...

#.... #...#
....._..#.....
#.....>.......#
........#.#...#
##.......##....##
#...............##
##...............#
..........h.....#
.........hP.>..P#
#...†P@hP†..###
#.#.P.†.h....P#
....P...†.<....##
................P.#
.................P.
##..................
#.........#PP..P...


You could see Kirke (invisible) and 3 hogs.

Vanquished Creatures
  A white draconian (IceCv)
  A hydra (Lair:5)
  Erica (D:8)
  A catoblepas (Lair:1)
  A centaur warrior (D:10)
  5 death yaks
  Nergalle (Lair:3)
  2 elephants (Lair:4)
  An ice statue (IceCv)
  3 black mambas
  Joseph (D:7)
  2 merfolk sirens (Lair:3)
  8 spiny frogs
  Psyche (D:11)
  4 komodo dragons
  4 rime drakes
  A meliai (Lair:4)
  15 polar bears (IceCv)
  2 merfolk (Lair:3)
  14 blink frogs
  10 hippogriffs
  A wraith (D:11)
  Eustachio (D:4)
  A wyvern (D:11)
  24 yaks
  A basilisk (Lair:3)
  A hungry ghost (D:10)
  Menkaure (D:6)
  A warg (D:11)
  4 nagas (Lair:3)
  8 water moccasins
  6 porcupines
  6 orc warriors
  2 phantoms
  2 black bears
  A necrophage (D:8)
  2 sky beasts
  29 wolves
  6 ogres
  8 centaurs
  5 crocodiles
  10 bullfrogs
  A water moccasin zombie (D:7)
  2 scorpions
  15 killer bees
  An electric eel (Lair:1)
  3 wights (D:7)
  12 crimson imps
  A bullfrog zombie (D:9)
  3 jellies
  A centaur zombie (D:8)
  A quasit (D:8)
  2 centaur skeletons
  4 hounds
  A gnoll shaman (D:9)
  2 orc priests (D:7)
  5 orc wizards
  2 bullfrog skeletons
  Jessica (D:2)
  6 worker ants
  A hound skeleton (D:8)
  Robin (D:4)
  12 gnolls
  A gnoll zombie (D:5)
  16 adders
  An orc zombie (D:5)
  6 river rats
  2 shadow imps
  3 oozes
  An adder skeleton (D:5)
  An adder zombie (D:8)
  2 worms (D:3)
  3 dart slugs
  A leopard gecko (D:8)
  43 orcs
  5 bats
  21 giant cockroaches
  11 goblins
  4 hobgoblins
  10 jackals
  6 kobolds
  3 quokkas
  12 ball pythons (Sewer)
  5 frilled lizards
  A giant cockroach zombie (D:5)
  A quokka skeleton (D:5)
  29 rats
464 creatures vanquished.

Vanquished Creatures (others)
  2 polar bears (IceCv)
  A yak (IceCv)
  A wolf (IceCv)
  2 fungi
  2 plants (D:10)
  19 toadstools (D:5)
27 creatures vanquished.

Grand Total: 491 creatures vanquished

Notes
Turn   | Place    | Note
-------+----------+-------------------------------------------
     0 | D:1      | shadizar the Gargoyle Fighter began the quest for the Orb.
     0 | D:1      | Reached XP level 1. HP: 14/14 MP: 1/1
   211 | D:1      | Reached XP level 2. HP: 19/19 MP: 2/2
   224 | D:1      | Found a shimmering altar of Xom.
   706 | D:2      | Noticed a crimson imp
   720 | D:2      | Reached XP level 3. HP: 22/23 MP: 3/3
   757 | D:2      | Reached skill level 1 in Dodging
   757 | D:2      | Reached XP level 4. HP: 25/29 MP: 4/4
  1009 | D:2      | Reached XP level 5. HP: 32/33 MP: 5/5
  1128 | D:2      | Reached skill level 4 in Fighting
  1159 | D:2      | Noticed Jessica
  1164 | D:2      | Killed Jessica
  1182 | D:2      | Identified Jessica's Reference Book on Beguiling
  1585 | D:3      | Reached XP level 6. HP: 21/38 MP: 6/6
  2241 | D:4      | Noticed Robin
  2273 | D:4      | Killed Robin
  2488 | D:4      | Reached XP level 7. HP: 42/44 MP: 7/7
  2516 | D:4      | Found a sparkling altar of Nemelex Xobeh.
  2645 | D:4      | Noticed Eustachio
  2661 | D:4      | Killed Eustachio
  2661 | D:4      | Reached skill level 5 in Armour
  2661 | D:4      | Reached skill level 5 in Shields
  2666 | D:4      | Reached skill level 5 in Fighting
  3046 | D:5      | Entered Level 5 of the Dungeon
  3326 | D:5      | Found a transporter.
  3402 | D:5      | Found a transporter.
  3532 | D:5      | Reached XP level 8. HP: 49/49 MP: 8/8
  3541 | D:5      | Found a blossoming altar of Fedhas.
  3564 | D:5      | Noticed an oklob plant
  4142 | D:6      | Noticed Menkaure
  4147 | D:6      | Killed Menkaure
  4167 | D:6      | Found a glowing drain.
  4242 | Sewer    | Entered a sewer
  4607 | Sewer    | Reached skill level 6 in Fighting
  4607 | Sewer    | Reached skill level 5 in Maces & Flails
  4707 | D:6      | Found a sacrificial altar of Ru.
  5182 | D:6      | Found a staircase to the Ecumenical Temple.
  5246 | D:6      | Reached XP level 9. HP: 45/56 MP: 9/9
  5262 | Temple   | Entered the Ecumenical Temple
  5290 | Temple   | Became a worshipper of the Shining One
  5491 | D:6      | Got a slimy jade ring
  5923 | D:7      | Got a thick robe
  5967 | D:6      | Identified a ring of Tixtueh {rCorr *Corrode +Blink Int+4
                  | Dex+10} (You found it on level 6 of the Dungeon)
  5984 | D:7      | Noticed Joseph
  6009 | D:7      | Killed Joseph
  6009 | D:7      | Reached skill level 7 in Fighting
  6009 | D:7      | Reached skill level 1 in Invocations
  6406 | D:7      | Reached * piety under the Shining One
  6905 | D:8      | Identified the +3 robe of Xuntac {rElec Int+4 Stlth+} (You
                  | found it on level 7 of the Dungeon)
  6908 | D:8      | Identified a scroll of acquirement
  6969 | D:8      | Reached XP level 10. HP: 63/63 MP: 12/12
  6994 | D:8      | Noticed Erica
  7009 | D:8      | Killed Erica
  7009 | D:8      | Reached skill level 5 in Dodging
  7030 | D:8      | Found a radiant altar of Vehumet.
  7762 | D:9      | Reached ** piety under the Shining One
  7983 | D:9      | Reached skill level 8 in Fighting
  8187 | D:10     | Entered Level 10 of the Dungeon
  8221 | D:10     | Found an iron altar of Okawaru.
  8221 | D:10     | Noticed a centaur warrior
  8244 | D:10     | Killed a centaur warrior
  8264 | D:10     | Reached XP level 11. HP: 61/69 MP: 14/14
  8419 | D:10     | Reached skill level 5 in Invocations
  8723 | D:10     | Found a staircase to the Lair.
  8823 | D:11     | Noticed Psyche
  8879 | D:11     | Found a frozen archway.
  8949 | IceCv    | Entered an ice cave
  9282 | IceCv    | Reached skill level 9 in Fighting
  9363 | IceCv    | Reached skill level 1 in Evocations
  9547 | IceCv    | Reached *** piety under the Shining One
  9688 | IceCv    | Found the +5 robe of Night {Dark MR+ SInv}
  9790 | IceCv    | Noticed a death yak
  9813 | IceCv    | Killed a death yak
  9813 | IceCv    | Reached skill level 10 in Fighting
  9813 | IceCv    | Reached XP level 12. HP: 59/77 MP: 16/16
  9952 | IceCv    | Noticed a white draconian
  9952 | IceCv    | Noticed a death yak
  9990 | IceCv    | Killed a death yak
 10011 | IceCv    | Killed a white draconian
 10174 | D:11     | Killed Psyche
 10374 | Lair:1   | Entered Level 1 of the Lair of Beasts
 10589 | Lair:1   | Reached skill level 10 in Shields
 10642 | Lair:1   | Reached skill level 11 in Fighting
 10721 | Lair:1   | Reached skill level 10 in Armour
 10777 | Lair:1   | Noticed a catoblepas
 10795 | Lair:1   | Killed a catoblepas
 11079 | Lair:1   | Reached XP level 13. HP: 81/84 MP: 17/17
 11460 | Lair:2   | Reached **** piety under the Shining One
 11934 | Lair:3   | Reached skill level 12 in Fighting
 12004 | Lair:3   | Found a staircase to the Shoals.
 12152 | Lair:3   | Noticed Nergalle
 12545 | Lair:3   | Killed Nergalle
 12643 | Lair:3   | Found a staircase to the Snake Pit.
 13070 | Lair:5   | Found a staircase to the Slime Pits.
 13074 | Lair:6   | Entered Level 6 of the Lair of Beasts
 13097 | Lair:6   | Reached skill level 10 in Maces & Flails
 13248 | Lair:5   | Reached skill level 13 in Fighting
 13252 | Lair:5   | Noticed Kirke
 13270 | Lair:5   | Found a viscous altar of Jiyva.
 13271 | Lair:5   | Slain by a hog

Skill      XL: |  1  2  3  4  5  6  7  8  9 10 11 12 13 |
---------------+----------------------------------------+-----
Dodging        | 1 2 3 4 5 6 7 8 |  8.2
Armour         | 4 5 6 7 8 9 10 11 | 11.1
Shields        | 4 5 6 7 8 9 10 11 | 11.2
Fighting       | 4 5 6 7 8 10 11 13 | 13.0
Maces & Flails | 3 4 5 6 7 8 9 10 | 10.1
Invocations    | 2 4 5 |  5.4
Evocations     | 2 4 |  4.0

Action                   |  1- 3 |  4- 6 |  7- 9 | 10-12 | 13-15 || total
-------------------------+-------+-------+-------+-------+-------++-------
Melee: Flail             |   112 |   231 |   572 |       |       ||   915
       Mace              |       |       |   112 |   945 |   566 ||  1623
       Unarmed           |       |       |       |    19 |     4 ||    23
Invok: Divine Shield     |       |       |       |     2 |     3 ||     5
  Use: Scroll            |       |       |    13 |    10 |     2 ||    25
       Potion            |       |       |     2 |     8 |    12 ||    22
  Eat: Chunk             |       |     5 |    17 |    16 |     6 ||    44
       Ration            |       |       |       |       |     1 ||     1
Armor: Scale mail        |    78 |   114 |    49 |       |       ||   241
       Chain mail        |       |       |   387 |   451 |   255 ||  1093
       Skin              |       |       |       |     2 |       ||     2
Dodge: Dodged            |    47 |    65 |   292 |   453 |   348 ||  1205
Block: Shield            |    67 |   148 |   474 |   719 |   543 ||  1951
       Other             |       |       |       |       |     4 ||     4
